 Dungeon Sprint DCSS version bcrawl-1.27.1b (webtiles) character file.

Game seed: 8593738163837007117

80115 pasperui the Scratcher (level 1, -2/10 HPs)
             Began as a Felid Transmuter on July 25, 2020.
             Was a Follower of Makhleb.
             Slain by a frilled lizard (3 damage)
             ... in the Dungeon (Sprint VII: "The Pits").
             The game lasted 00:00:39 (108 turns).

pasperui the Scratcher (Felid Transmuter)            Turns: 108, Time: 00:00:40

Health: -2/10      AC:  1    Str:  6    XL:     1   Next: 70%
Magic:  4/5        EV: 19    Int: 14    God:    Makhleb [*.....]
Gold:   0          SH:  0    Dex: 16    Spells: 4/5 levels left
                                        Lives:  0   Deaths: 0

rFire    . . .     SeeInvis +     - Teeth and claws (7.9)
rCold    . . .     Gourm    .   (shield unavailable)
rNeg     . . .     Faith    .   (armour unavailable)
rPois    .         Spirit   .   (helmet unavailable)
rElec    .         Reflect  .   (cloak restricted)
rCorr    .         Harm     .   (gloves unavailable)
MR       .....     NoTele   +   (boots unavailable)
Stlth    ++........             (no amulet)
HPRegen  0.03/turn              (no ring)
MPRegen  0.09/turn              (no ring)

@: appendage (expiring), quick
A: very small, no armour, no weapons or thrown items, stealth, claws 1, fangs 3,
horns 2, see invisible, carnivore, speed 1, shaggy fur 1, slow metabolism 1,
sharp paws
a: End Transformation, Renounce Religion


You were in the Dungeon.
You worshipped Makhleb.
Makhleb was aware of your devotion.
You were full.
You had grown temporary horns.
You visited 1 branch

Inventory:

Missiles
 a - 120 arrows
Scrolls
 j - a scroll of blinking
 k - 2 scrolls of vulnerability
 l - 3 scrolls of remove curse
 m - 5 scrolls of amnesia
 n - a scroll of summoning
Potions
 b - 2 potions of invisibility
 c - a potion of lignification
 d - a potion of curing
 f - a potion of heal wounds
 g - a potion of haste
 h - 4 potions of magic
 i - 3 potions of berserk rage
Comestibles
 e - 9 rations {!d}


   Skills:
 - Level 1.0 Fighting
 - Level 3.7 Dodging
 * Level 4.6 Unarmed Combat
 - Level 2.6 Spellcasting
 - Level 2.1 Transmutations


You had 4 spell levels left.
You knew the following spells:

 Your Spells              Type           Power        Failure   Level  Hunger
a - Beastly Appendage     Tmut           #.....       10%         1    None

Your spell library contained the following spells:

 Spells                   Type           Power        Failure   Level  Hunger
 Sticks to Snakes         Tmut           #.......     14%         2    ##.....
 Spider Form              Tmut/Pois      #..          41%         3    ####...
 Ice Form                 Ice/Tmut       #.......     82%         4    #####..
 Blade Hands              Tmut           #.........   95%         5    #######


Dungeon Overview and Level Annotations

Branches:
Dungeon (1/1)

Altars:
Ashenzari
Cheibriados
Dithmenos
Elyvilon
Fedhas
Gozag
Hepliaklqana
Kikubaaqudgha
Lugonu
Makhleb
Nemelex Xobeh
Okawaru
Qazlal
Ru
Sif Muna
Trog
Uskayaw
Vehumet
Wu Jian
Xom
Yredelemnul
Zin
The Shining One
Beogh
Jiyva


Innate Abilities, Weirdness & Mutations

You cannot wear almost all types of armour.
You are incapable of wielding weapons or throwing items.
Your paws allow you to move quietly. (Stealth)
You have sharp claws.
You have razor-sharp teeth.
You have supernaturally acute eyesight. (SInv)
You are carnivorous and can eat meat at any time.
You cover ground quickly.
You are covered in fur. (AC +1)
You have a slow metabolism.
Your sharp claws are effective at attacking unaware monsters.
You have a pair of horns on your head.


Message History

Your headbutt misses the frilled lizard.
The frilled lizard bites you but does no damage.
You scratch the frilled lizard but do no damage.
The frilled lizard barely misses you. The goblin hits you with a +0 club.
Ouch! That really hurt!
You scratch the rat.
The rat is heavily wounded.
The frilled lizard bites you. The goblin hits you but does no damage.
The rat bites you but does no damage.
You barely miss the rat.
The rat is heavily wounded.
Your transformation is almost over.
The frilled lizard completely misses you.
The rat closely misses you. The goblin hits you with a +0 club.
* * * LOW HITPOINT WARNING * * *
You scratch the rat but do no damage. You headbutt the rat.
You kill the rat!
Makhleb accepts your kill.
You can now gain health from killing.
The frilled lizard bites you.
You die...

#_________.#
#_________.#
#_______...##########
##########'##........
#..(.')))'.##......#.
##########.##........
#...........'........
#+#####'#####......#.
#.@#..# #........
#gl'..# ####'####
#..#### #.......#
#..# #.......# #..#
#.......# ##+#
#...<...# #.......#
#.......# #.......#


You could see a goblin and a frilled lizard.

Vanquished Creatures
  A leopard gecko (D)
  A giant cockroach (D)
  A quokka zombie (D)
  A rat (D)
4 creatures vanquished.

Notes
Turn   | Place    | Note
-------+----------+-------------------------------------------
     0 | D        | pasperui the Felid Transmuter began the quest for the Orb.
     0 | D        | Reached XP level 1. HP: 10/10 MP: 4/4
    39 | D        | Found a bloodstained altar of Trog.
    39 | D        | Found a shimmering blue altar of Sif Muna.
    39 | D        | Found a viscous altar of Jiyva.
    39 | D        | Found a hazy altar of Hepliaklqana.
    39 | D        | Found an opulent altar of Gozag.
    40 | D        | Found a glowing golden altar of the Shining One.
    40 | D        | Found a glowing silver altar of Zin.
    40 | D        | Found a basalt altar of Yredelemnul.
    40 | D        | Found a shimmering altar of Xom.
    40 | D        | Found an ornate altar of the Wu Jian Council.
    40 | D        | Found a sacrificial altar of Ru.
    40 | D        | Found a stormy altar of Qazlal.
    40 | D        | Found an iron altar of Okawaru.
    40 | D        | Found a sparkling altar of Nemelex Xobeh.
    40 | D        | Found a burning altar of Makhleb.
    40 | D        | Found a blossoming altar of Fedhas.
    40 | D        | Found a white marble altar of Elyvilon.
    40 | D        | Found a shadowy altar of Dithmenos.
    40 | D        | Found a snail-covered altar of Cheibriados.
    41 | D        | Found a radiant altar of Vehumet.
    41 | D        | Found a corrupted altar of Lugonu.
    41 | D        | Found a roughly hewn altar of Beogh.
    42 | D        | Found a hide-covered altar of Uskayaw.
    42 | D        | Found an ancient bone altar of Kikubaaqudgha.
    42 | D        | Found a shattered altar of Ashenzari.
    48 | D        | Became a worshipper of Makhleb the Destroyer
    68 | D        | Reached skill level 4 in Unarmed Combat
   108 | D        | Reached * piety under Makhleb
   108 | D        | Slain by a frilled lizard

Skill      XL: |  1 |
---------------+----+-----
Dodging        | 3 |  3.7
Unarmed Combat | 4 |  4.6
Fighting       | |  1.0
Spellcasting   | |  2.6
Transmutations | |  2.1

Action                   || total
-------------------------++-------
Melee: Unarmed           ||    16
       Bite              ||     2
       Headbutt          ||     1
 Cast: Beastly Appendage ||     2
  Eat: Chunk             ||     2
Armor: Skin              ||     2
Dodge: Dodged            ||    11
